 Dungeon Crawl Stone Soup version 0.27.1-3-gb3d3a73c9e (webtiles) character file.

Game seed: 33214328933792535

4 nxtlvl the Chopper (level 1, 0/19 HPs)
             Began as a Naga Gladiator on Oct 21, 2021.
             Killed from afar by a dart slug (4 damage)
             ... with a slug dart
             ... on level 1 of the Dungeon.
             The game lasted 00:00:20 (34 turns).

nxtlvl the Chopper (Naga Gladiator)                   Turns: 34, Time: 00:00:21

Health: 0/19       AC:  2    Str: 16    XL:     1   Next: 60%
Magic:  1/1        EV: 10    Int:  8    God:
Gold:   0          SH:  0    Dex: 12    Spells: 0/0 levels left

rFire    . . .     SeeInvis +   a - +0 war axe
rCold    . . .     Faith    .   (no shield)
rNeg     . . .     Spirit   .   b - +0 leather armour
rPois    +         Reflect  .   c - +0 helmet
rElec    .         Harm     .   (no cloak)
rCorr    .         Rampage  .   (no gloves)
Will     .....                  (no barding)
Stlth    +.........             (no amulet)
HPRegen  0.06/turn              (no ring)
MPRegen  0.07/turn              (no ring)

@: very slow
A: AC +0, large, see invisible, deformed body, poison resistance, slowness 2,
spit poison 1, naga tail 1
a: Spit Poison


You were on level 1 of the Dungeon.
You visited 1 branch of the dungeon, and saw 1 of its levels.

Inventory:

Hand Weapons
 a - a +0 war axe (weapon)
Missiles
 d - 3 throwing nets (quivered)
Armour
 b - a +0 leather armour (worn)
 c - a +0 helmet (worn)


   Skills:
 + Level 2.0 Fighting
 + Level 3.1 Axes
 + Level 1.7 Throwing
 + Level 2.6 Dodging


You couldn't memorise any spells.
You didn't know any spells.
Your spell library was empty.

Dungeon Overview and Level Annotations

Branches:
Dungeon (1/15)

Altars:


Innate Abilities, Weirdness & Mutations

Your serpentine skin is tough. (AC +0)
You have supernaturally acute eyesight. (SInv)
Armour fits poorly on your strangely shaped body.
Your system is resistant to poisons. (rPois)
You cover ground very slowly.
You can spit poison.
You have a snake-like lower body.


Message History

The jackal bites you.
You barely miss the jackal. The jackal barely misses you. The jackal bites you.
You barely miss the jackal. You closely miss the jackal.
A bat comes into view.
The jackal bites you but does no damage.
The jackal closely misses you.
The bat moves out of view.
You closely miss the jackal. The jackal barely misses you.
You barely miss the jackal.
The jackal barks!
The jackal barely misses you. The jackal bites you.
A dart slug comes into view.
You barely miss the jackal.
The jackal stops to sniff the ground.
The jackal bites you. x2
You slash the jackal!
You kill the jackal!
The bat closely misses you.
You slash the jackal!
You kill the jackal!
The bat hits you. The jackal barely misses you.
You completely miss the jackal. The jackal closely misses you.
You barely miss the jackal. The jackal closely misses you.
The jackal bites you but does no damage.
You barely miss the jackal. The jackal misses you. The jackal bites you.
You slash the jackal!
You kill the jackal!
The bat hits you.
* * * LOW HITPOINT WARNING * * *
The bat hits you but does no damage.
You see here a jackal corpse.
The bat completely misses you. The dart slug barely misses you.
The bat hits you.
* * * LOW HITPOINT WARNING * * *
You hit the dart slug.
The dart slug is lightly wounded.
You closely miss the bat. The bat closely misses you.
The dart slug launches a dart at you. The slug dart hits you.
You die...

#. ## .#.#.#
#.#.##. .....#
#....#$ .#.#.#
.......#. ...
#.#...... ..
........# .#
..#.b.#.##.#
.......@†..#
.####.#w######≈≈
...............≈
########.########
.........#
#####...# #.#.#
#...# #.#.#


You could see a dart slug and a bat.

Vanquished Creatures
  3 jackals (D:1)
3 creatures vanquished.

Notes
Turn   | Place    | Note
-------+----------+-------------------------------------------
     0 | D:1      | nxtlvl the Naga Gladiator began the quest for the Orb.
     0 | D:1      | Reached XP level 1. HP: 19/19 MP: 1/1
    34 | D:1      | Killed from afar by a dart slug

Illustrated notes

Levels and vault maps discovered:
D:1:      lemuel_arrival_hallway, layout_basic,
          hellmonk_ecumenical_altar_lost_god, serial_shops,
          nicolae_shop_waterfront, minmay_pentomino_p4

Action                   || total
-------------------------++-------
Melee: War axe           ||    13
Armor: Leather armour    ||     3
Dodge: Dodged            ||    12
